Map: Dusk Towers

Players

Jakamakala

  • Race: Terran Terran
  • League: Grandmaster

MorN - Winner!

  • Race: Terran Terran
  • League: Master

VOD

Have the link to the VOD?

Description

Time

  • Played on: Dec. 6, 2015, 3:46 a.m.
  • Length: 14:58
Show
View Real Time Build Order
Export as new Build Order

Jakamakala Terran 

Build Orders: Banshee Rush 

Get SALT Encoding   

  12  0:01  SCV  
  13  0:13  SCV  
  14  0:17  Supply Depot  
  14  0:25  SCV  
  15  0:29  Refinery  
  15  0:39  SCV  
  16  0:44  Barracks  
  16  0:55  SCV  
  17  1:07  SCV  
  17  1:10  Refinery  
  18  1:19  SCV  
  19  1:33  Orbital Command  
  19  1:34  Reaper  
  19  1:35  Supply Depot  
  20  1:48  Factory  
  20  2:01  SCV  
  21  2:06  Reaper  
  22  2:13  SCV  
  23  2:25  SCV  
  24  2:32  Hellion  
  24  2:34  Starport  
  25  2:49  Barracks Tech Lab  
  25  2:50  SCV  
  25  2:54  Supply Depot, Hellion  
  27  3:05  SCV  
  28  3:15  Hellion, Barracks Tech Lab  
  30  3:22  Banshee  
  33  3:28  Cloaking Field  
  33  3:34  Supply Depot  
  31  3:40  Hellion  
  32  3:48  SCV  
  33  3:58  Marine  
  33  4:00  SCV  
  35  4:05  Banshee  
  35  4:06  Command Center  
  36  4:23  Cyclone  
  36  4:31  Barracks Reactor  
  36  4:32  SCV  
  36  4:37  Command Center  
  37  4:48  Raven  
  37  4:52  SCV  
  40  4:57  Supply Depot  
  40  5:06  SCV  
  41  5:12  Marine x2  
  41  5:13  Siege Tank  
  37  5:36  SCV  
  37  5:37  Viking  
  37  5:41  Orbital Command  
  36  5:44  Marine  
  36  5:48  Marine  
  36  5:59  SCV  
  34  6:07  Viking  
  34  6:08  SCV  
  36  6:13  SCV  
  37  6:20  Marine x2  
  37  6:21  SCV  
  37  6:32  Orbital Command  
  37  6:34  SCV  
  38  6:47  Siege Tank  
  38  6:49  SCV x2  
  43  6:55  Marine  
  43  7:01  SCV x2  
  42  7:09  Stimpack  
  42  7:10  SCV  
  42  7:13  SCV x2  
  44  7:20  Marine  
  44  7:22  SCV  
  41  7:25  SCV x2  
  43  7:34  SCV  
  43  7:36  Medivac  
  46  7:37  SCV x2, Widow Mine  
  46  7:38  Marine  
  51  7:46  SCV, Engineering Bay  
  51  7:49  SCV x2, Barracks  
  54  7:53  Barracks  
  54  7:58  SCV, Marine  
  54  8:01  SCV x2, Medivac  
  60  8:11  SCV  
  61  8:16  SCV x2, Marine  
  61  8:19  Missile Turret  
  64  8:21  Missile Turret  
  64  8:22  Terran Infantry Weapons Level 1  
  65  8:27  SCV  
  65  8:28  SCV  
  65  8:29  SCV  
  65  8:34  Marine  
  67  8:35  Supply Depot  
  68  8:44  SCV  
  69  8:54  Marine x2  
  69  8:55  Marauder  
  71  8:56  SCV x2  
  71  9:01  Siege Tank, Barracks  
  71  9:02  SCV, Barracks  
  77  9:04  Refinery  
  77  9:05  Refinery  
  77  9:06  Missile Turret  
  77  9:08  SCV  
  77  9:09  SCV  
  79  9:12  Marine  
  80  9:18  Marauder, Marine  
  80  9:21  Combat Shields  
  82  9:30  Marine  
  83  9:36  SCV x2, Marine  
  86  9:40  Medivac, Marauder  
  90  9:48  Supply Depot, Marine  
  90  9:50  Supply Depot  
  90  9:51  Supply Depot  
  91  10:01  Barracks Reactor x3, Marauder  
  93  10:09  Marine  
  93  10:10  SCV x2  
  93  10:12  Supply Depot  
  96  10:17  Armory, Engineering Bay  
  95  10:22  Marine  
  95  10:27  Marine  
  95  10:30  Siege Tank  
  95  10:31  SCV  
  95  10:35  Supply Depot x2  
  99  10:38  Marine x3  
  99  10:40  Marine  
  103  10:42  Orbital Command  
  103  10:45  Missile Turret, Marine  
  104  10:50  Marine  
  105  10:58  Marauder  
  105  11:00  Marine  
  107  11:14  Marine x3  
  107  11:15  Marine x3  
  107  11:16  Siege Tank  
  116  11:18  Terran Infantry Weapons Level 2  
  116  11:20  Marauder  
  118  11:31  Missile Turret  
  119  11:32  SCV  
  119  11:33  SCV  
  119  11:36  Missile Turret  
  120  11:45  Marine x5  
  120  11:46  Marine x2  
  127  11:51  Marine  
  127  11:52  Siege Tank  
  127  11:53  Terran Infantry Armor Level 1  
  131  12:00  Supply Depot  
  131  12:03  Marine  
  131  12:04  Medivac  
  131  12:05  Medivac  
  136  12:09  Marauder  
  136  12:11  Marine x2  
  136  12:12  Marine  
  136  12:13  Marine  
  142  12:20  Supply Depot  
  142  12:22  Marine x2  
  144  12:23  Marine  
  144  12:29  Marine x2  
  147  12:31  Marauder  
  149  12:43  Marine  
  149  12:44  Marine  
  140  12:45  Marine x2  
  140  12:47  Marine  
  122  12:52  Marauder  
  122  12:53  Barracks Reactor, Siege Tank  
  122  12:54  Medivac x2, Marine  
  132  13:01  Marine  
  133  13:10  Marine x4  
  137  13:13  Marauder  
  137  13:16  Marine  
  137  13:19  Marine  
  141  13:27  Siege Tank, Medivac x2  
  141  13:28  Marine x4  
  141  13:30  Marine  
  141  13:31  Marine  
  153  13:34  Marine  
  153  13:35  Marauder  
  153  13:37  Marine  
  153  13:40  Supply Depot  
  157  13:41  Supply Depot  
  157  13:46  Orbital Command  
  157  13:51  Marine  
  157  13:52  Marine x5  
  157  13:54  Marine  
  157  13:55  Marine  
  165  14:01  Marauder  
  167  14:09  Marine x2  
  168  14:10  Marine x4  
  172  14:21  Marine x2  
  172  14:22  Siege Tank  
  172  14:23  Marauder  
  179  14:27  Marine x2  
  181  14:36  Supply Depot  
  181  14:39  Marine x4  
Show
View Real Time Build Order
Export as new Build Order

MorN Terran - Winner!

Build Orders: 1/1/1, MMM Bio, Banshee Rush 

Get SALT Encoding   

  12  0:00  SCV  
  13  0:12  SCV  
  14  0:17  Supply Depot  
  14  0:24  SCV  
  14  0:28  Refinery  
  15  0:38  SCV  
  16  0:44  Barracks  
  16  0:51  SCV  
  16  0:54  Refinery  
  17  1:03  SCV  
  18  1:15  SCV  
  19  1:32  Reaper  
  21  1:33  Orbital Command  
  21  1:35  Factory  
  20  1:48  Supply Depot  
  20  1:59  SCV  
  21  2:04  Reaper  
  22  2:12  SCV  
  23  2:20  Hellion  
  23  2:21  Starport  
  25  2:25  SCV  
  26  2:31  Supply Depot  
  26  2:50  Hellion  
  28  3:00  Barracks Tech Lab  
  28  3:01  SCV  
  28  3:02  Viking  
  30  3:11  Hellion  
  32  3:19  Command Center  
  32  3:34  Barracks Reactor  
  32  3:42  Hellion  
  32  3:45  Engineering Bay  
  34  3:54  Banshee, Cloaking Field  
  37  4:02  SCV  
  36  4:19  SCV  
  36  4:22  Missile Turret  
  35  4:31  Factory Tech Lab, Marine x2  
  32  4:32  Orbital Command  
  32  4:33  SCV  
  35  4:39  Banshee  
  36  4:48  SCV  
  36  4:50  Missile Turret  
  36  4:52  Marine x2  
  39  4:55  Siege Tank  
  43  5:00  SCV x2  
  44  5:08  Terran Infantry Weapons Level 1  
  44  5:12  SCV x2  
  42  5:24  SCV x2  
  44  5:30  Marine  
  44  5:31  Marine  
  44  5:32  Siege Tank  
  49  5:43  Starport Reactor  
  49  5:44  SCV  
  49  5:46  Supply Depot, Refinery  
  50  5:51  SCV  
  50  5:53  Barracks  
  50  5:55  Barracks  
  49  6:15  SCV  
  50  6:25  SCV  
  50  6:27  SCV, Medivac x2  
  50  6:32  Supply Depot  
  56  6:33  Command Center  
  56  6:34  Marine  
  56  6:38  SCV, Stimpack  
  56  6:39  SCV, Refinery  
  59  6:41  Refinery  
  59  6:44  Marine x3  
  62  6:53  SCV, Marine  
  64  6:56  Supply Depot  
  64  7:02  Terran Infantry Armor Level 1, Marine  
  65  7:13  Marine x2  
  67  7:20  Marine x2  
  67  7:21  SCV  
  66  7:23  Supply Depot  
  66  7:30  Marine  
  66  7:31  Marine  
  66  7:33  SCV x2  
  70  7:38  Engineering Bay, Marine  
  70  7:39  Armory  
  71  7:45  SCV x2  
  71  7:51  Siege Tank, Marine  
  76  7:52  Barracks Reactor, Marine  
  76  7:57  SCV  
  79  8:00  SCV  
  79  8:05  Supply Depot  
  80  8:07  Orbital Command  
  80  8:09  SCV  
  80  8:12  SCV  
  82  8:16  Marine x2  
  84  8:21  SCV  
  84  8:24  Missile Turret  
  84  8:25  SCV  
  86  8:28  Missile Turret  
  86  8:30  Marine x2  
  86  8:31  Missile Turret  
  86  8:32  Terran Infantry Weapons Level 2  
  86  8:33  SCV  
  89  8:37  Marine  
  89  8:38  Combat Shields  
  87  8:57  Marine x5  
  87  8:59  Medivac  
  92  9:15  Marine x2  
  92  9:16  Marauder  
  96  9:19  Marine x2  
  96  9:20  Medivac  
  96  9:21  SCV  
  96  9:22  SCV x2  
  103  9:28  Missile Turret, Medivac  
  102  9:33  SCV, Marine x2  
  102  9:34  SCV  
  102  9:37  Refinery x2, Marine x2  
  108  9:39  SCV  
  108  9:45  Barracks x2  
  109  9:46  Terran Infantry Armor Level 2  
  109  10:11  Marine  
  109  10:18  Marine  
  109  10:20  Marine  
  109  10:26  Marine  
  109  10:28  Marauder  
  109  10:33  Barracks Reactor x2  
  109  10:34  Barracks, Marine  
  109  10:37  Barracks x2, Marine  
  109  10:38  SCV, Marine  
  109  10:40  SCV x2  
  109  10:42  Supply Depot  
  114  10:43  Siege Tank, Terran Vehicle Weapons Level 1  
  114  10:45  Supply Depot  
  117  11:02  Marine  
  117  11:03  SCV, Marine x4  
  117  11:04  Medivac x2  
  113  11:15  SCV, Siege Tank  
  113  11:18  Supply Depot x2  
  117  11:19  Marine x4  
  117  11:20  Marine  
  117  11:21  Marine x4  
  126  11:26  Barracks Reactor x3  
  126  11:39  Marine x9  
  133  11:40  Command Center  
  135  11:47  Siege Tank  
  138  11:54  SCV x2  
  138  11:56  Marine x2  
  138  11:57  Marine x2  
  138  11:58  Marine  
  145  12:01  Missile Turret  
  145  12:03  Terran Infantry Weapons Level 3, Missile Turret x2  
  145  12:09  Terran Infantry Armor Level 3  
  145  12:18  Marine x2  
  145  12:19  Marine x2  
  149  12:36  Marine  
  149  12:40  Marine  
  149  12:43  Marine x2  
  145  12:45  Marine x2  
  145  12:46  Marauder  
  145  12:50  Marine x6  
  145  12:51  Medivac x2, Siege Tank, Marine  
  131  12:52  SCV  
  131  12:54  Planetary Fortress  
  139  13:04  Marine  
  139  13:05  Marine x4  
  144  13:10  Marine x4  
  144  13:11  Marine  
  149  13:17  Sensor Tower  
  148  13:23  Siege Tank  
  148  13:24  Marine  
  148  13:25  Marine  
  152  13:31  Marine x5  
  152  13:32  Marine x4  
  161  13:43  Marine x2  
  163  13:51  Marine x2  
  164  13:56  Supply Depot x2  
  164  14:00  Supply Depot  
  164  14:01  Supply Depot  
  164  14:02  Marine  
  164  14:06  Supply Depot  
  164  14:17  Siege Tank, Marine x5  
  164  14:18  Marine x3  
  164  14:23  Marine x2  
  177  14:26  Command Center, Supply Depot  
  177  14:31  Marauder, Marine x2  
  180  14:37  Marine  
  180  14:38  Marine  
Tags
 
Composition
MMM Bio
Matchup
TvT
Opening
1/1/1
Race
Terran
Replay Pack
MorN pack 2
Add a new tag
Caveats
  • Supply blocks, unpowered buildings, or Contaminate may cause inaccurate times.
  • Supply counts are checked every 10 seconds.